cohdb
Replays
Latest Replays
All Replays
Popular Replays
Top Player Replays
Match Explorer
How It Works
Community
CoH3 Stats
Reddit
Sign in to upload your games and track your stats! →
Sign in with Steam
Match 43134368
Unlisted
Match 43134368
Overview
Messages
Build Orders
End
Kradschützen Motorcycle Team
Panzerpioneer Squad
Panzergrenadier Squad
Panzergrenadier Squad
Panzergrenadier Squad
Selects Armored Support Battlegroup
Selects Superior Fire Drills
Construct Light Support Kompanie
Fire Support Elements
Flakvierling Half-track
Selects Salvage Kits
2.5-tonne Medical Truck
Construct Mechanized Kompanie
Combat Half-tracks
Assault Mechanized Group
Marder III Tank Destroyer
StuG III D Assault Gun
Selects Flammpanzer III Medium Tank
Marder III Tank Destroyer
Marder III Tank Destroyer
Selects Command Panzer IV F Medium Tank
Vehicle Survival Package
Construct Panzerarmee Kommand
Flak 36 Anti-tank Gun Team
Selects Panzer Storm
Panzerpioneer Squad
Tungsten Core Ammunition
Panzer III L Medium Tank
Emergency Repair Kits
Selects Stuka Anti-tank Loiter
Armored Reserves
Panzerpioneer Squad
VonPrime
matrix4x4
0
0
Comments
sign in to comment!
No comments posted yet!